AoeStats
← kV0t3

Arabia

508777432Analyzed
1v1 RM · 9d ago on Sep 24, 2026· 55m 46s· 2 players
Game mode
Random Map
Map size
Tiny (2 player)
Population
200
Speed
Normal
Resources
Standard
Victory
Conquest
Starting age
Dark Age
Ending age
Imperial Age
RankedLock teamsTeams togetherTeam positionsShared explorationLock speedFull tech treeHidden civsTurbo modeCheats
Victory
Defeat
🇦🇷 Tatars · Argentina
1258
+15
🇦🇷 Maya · Argentina
1235
-15
kV0t3
0:25 Loom
9:16 Feudal Age
9:20 Man-at-Arms
21:06 Castle Age
19:03 Double-Bit Axe
19:40 Gold Mining
20:35 Horse Collar
20:53 Fletching
21:03 Padded Archer Armor
22:11 Bow Saw
22:11 Heavy Plow
25:39 Bodkin Arrow
27:57 Wheelbarrow
26:56 Crossbowman
28:01 Ballistics
29:34 Leather Archer Armor
31:44 Elite Skirmisher
32:29 Thumb Ring
33:26 Eagle Warrior
34:07 Scale Mail Armor
38:24 Imperial Age
37:44 Squires
38:01 Chain Mail Armor
40:34 Forging
40:56 Arbalester
42:03 Town Watch
42:10 Pikeman
45:31 Bracer
47:19 Halberdier
49:06 Plate Mail Armor
49:12 Iron Casting
50:54 Chemistry
50:08 Guard Tower
56:24 Conscription
pepelui_gg
6:18 Loom
9:06 Feudal Age
10:25 Double-Bit Axe
16:11 Town Watch
22:45 Castle Age
22:45 Fletching
23:33 Bodkin Arrow
23:43 Husbandry
24:10 Bow Saw
26:34 Bloodlines
26:29 Horse Collar
32:59 Elite Skirmisher
34:17 Ballistics
35:11 Padded Archer Armor
35:30 Town Patrol
36:10 Wheelbarrow
38:00 Scale Barding Armor
39:48 Chain Barding Armor
39:53 Forging
42:05 Hand Cart
45:19 Imperial Age
44:49 Iron Casting
44:30 Gold Mining
45:20 Town Patrol
45:39 Leather Archer Armor
46:40 Plate Barding Armor
45:27 Cavalier
47:28 Bracer
49:13 Gold Shaft Mining
49:14 Stone Mining
50:29 Blast Furnace
50:42 Ring Archer Armor
50:47 Heavy Plow
52:11 Devotion
52:34 Scale Mail Armor
53:11 Conscription
53:01 Silk Armor
52:50 Heavy Cavalry Archer
52:53 Light Cavalry
54:05 Hussar
Connection lost

Rejoining the realm…

Still unreachable

The connection could not be restored.

Session expired

The server has moved on; the page needs a fresh start.